 Dungeon Crawl Stone Soup version 0.30-a0-694-g3340775977 (webtiles) character file.

Game seed: 15448936535139653909

422 Alitron123 the Magician (level 6, -6/32 HPs)
             Began as a Deep Elf Earth Elementalist on Jan 20, 2023.
             Was a Believer of Lugonu.
             Killed by divine providence
             ... invoked by an orc priest
              (11 damage)
             ... on level 4 of the Dungeon.
             The game lasted 00:11:08 (4239 turns).

Alitron123 the Magician (DEEE)                      Turns: 4239, Time: 00:11:08

Health: -6/32      AC:  4    Str:  5    XL:     6   Next: 63%
Magic:  16/17      EV: 12    Int: 22    God:    Lugonu [**....]
Gold:   283        SH:  0    Dex: 15    Spells: 15/18 levels left

rFire   . . .      SeeInvis +    e - staff of conjuration
rCold   + . .      Faith    .    (no shield)
rNeg    . . .      Spirit   .    a - +1 robe
rPois   .          Reflect  .    (no helmet)
rElec   .          Harm     .    (no cloak)
rCorr   .          Rampage  .    (no gloves)
Will    .....                    r - +0 pair of boots
Stlth   ++                       (no amulet)
HPRegen 0.25/turn                g - ring of protection from cold
MPRegen 0.15/turn                h - ring of see invisible

@: no status effects
A: no striking features
a: Renounce Religion, Depart the Abyss, Banish


You were on level 4 of the Dungeon.
You worshipped Lugonu.
Lugonu was pleased with you.
You visited 1 branch of the dungeon, and saw 4 of its levels.

You collected 283 gold pieces.

Inventory:

Hand Weapons
 i - a +0 spear
Armour
 a - a +1 robe (worn)
 r - a +0 pair of boots (worn)
Magical Staves
 e - a staff of conjuration (weapon)
Jewellery
 g - a ring of protection from cold (left hand)
 h - a ring of see invisible (right hand)
 s - a ring of flight
Wands
 j - a wand of paralysis (10)
 x - a wand of flame (8) (quivered)
Scrolls
 d - a scroll of teleportation
 f - a scroll of noise
 k - a scroll of vulnerability
 l - 3 scrolls of amnesia
 o - a scroll of fear
 t - 2 scrolls of poison
Potions
 b - a potion of magic
 c - a potion of attraction
 m - a potion of curing
 n - a potion of haste
 p - a potion of brilliance {unknown}
 u - a potion of flight {unknown}
 w - a potion of cancellation {unknown}
 z - a potion of mutation {unknown}
 A - a potion of heal wounds {unknown}
 B - a potion of lignification {unknown}


   Skills:
 + Level 2.5 Dodging
 + Level 3.2 Stealth
 + Level 6.7 Spellcasting
 + Level 1.1 Transmutations
 + Level 6.1 Earth Magic
 + Level 0.1 Evocations


You had 15 spell levels left.
You knew the following spells:

 Your Spells              Type           Power      Damage    Failure   Level
a - Sandblast             Erth           68%        2d15      1%          1
b - Passwall              Tmut/Erth      19%        N/A       2%          2

Your spell library contained the following spells:

 Spells                   Type           Power      Damage    Failure   Level
 Stone Arrow              Conj/Erth      62%        3d10      7%          3
 Petrify                  Tmut/Erth      23%        N/A       19%         4
 Hailstorm                Conj/Ice       11%        3d5       26%         3
 Ice Form                 Ice/Tmut       9%         N/A       54%         4
 Simulacrum               Ice/Necr       3%         N/A       100%        6


Dungeon Overview and Level Annotations

Branches:
Dungeon (4/15)
 Temple: D:4-7

Altars:
Gozag
Qazlal
Trog
Xom
Zin
The Shining One
Lugonu

Annotations:
D:4 Regoshi's ghost, novice GrFi


Message History

You don't know that spell.
Okay, then.
Casting: Sandblast (safe; 1% risk of failure)
Confirm with . or Enter, or press ? or * to list all spells.
You aren't next to any passable walls.
The orc hits you with a +4 mace of protection.
The puff of flame hits the orc but does no damage.
Your extra speed is starting to run out.
The puff of flame misses the orc.
The puff of flame hits the orc but does no damage.
The orc misses you.
The orc priest hits you from afar with a +0 trident.
Casting: Passwall (safe; 2% risk of failure)
Confirm with . or Enter, or press ? or * to list all spells.
Aiming: Passwall (safe; 2% risk of failure)
Press: ? - help, Dir - move target, p - orc You can't see that place. [Stash: a +0 dagger] [the floor.]
You begin to meditate on the wall.
You continue meditating on the rock.
The orc barely misses you. The orc closely misses you.
The orc priest hits you from afar with a +0 trident!
You continue meditating on the rock.
The orc priest calls down the wrath of Beogh upon you.
Beogh smites you!
* * * LOW HITPOINT WARNING * * *
You continue meditating on the rock.
You finish merging with the rock.
You feel yourself slow down.
The orc shouts!
The orc priest looks encouraged for a moment.
The orc priest miscasts a cantrip.
You are too injured to fight recklessly!
Casting: Passwall (safe; 2% risk of failure)
Confirm with . or Enter, or press ? or * to list all spells.
Okay, then.
There is an open door here.
The orc priest invokes the aid of Beogh against you.
Beogh smites you!
You die...

#### ################ #...
......#........# #...
......#........# #...
......#........# #...
.##...##......## #...
.##...##......################...
.#.............#.....#........###
.#.....).......o@....#........#
###...........o#.....#........#
.##...##).....########........#
.#######....oo##....<#........#
.##...##...o...#.....'........#
..#...#..^.....#.....#..(.....#
..#...#.....<.)'.....#........#
..#...##....))########........#
..#...##.<..).## ##########


You could see an orc priest and 3 orcs.

Vanquished Creatures
  2 black bears (D:4)
  2 orc wizards (D:4)
  2 adders (D:4)
  7 gnolls (D:4)
  An ufetubus (D:4)
  A worm (D:2)
  2 dart slugs
  3 orcs
  3 bats
  7 endoplasms
  2 giant cockroaches (D:2)
  10 goblins
  9 hobgoblins
  4 jackals (D:2)
  10 kobolds
  8 quokkas
  3 ball pythons
  5 frilled lizards
  5 rats
86 creatures vanquished.

Vanquished Creatures (others)
  A plant (D:2)
1 creature vanquished.

Grand Total: 87 creatures vanquished

Notes
Turn   | Place    | Note
-------+----------+-------------------------------------------
     0 | D:1      | Alitron123 the Deep Elf Earth Elementalist began the quest
                  | for the Orb.
     0 | D:1      | Reached XP level 1. HP: 10/10 MP: 6/6
   185 | D:1      | Reached XP level 2. HP: 15/15 MP: 5/8
  1161 | D:2      | Found a shimmering altar of Xom.
  1250 | D:2      | Learned a level 2 spell: Passwall
  1265 | D:2      | Reached XP level 3. HP: 16/19 MP: 6/9
  1802 | D:2      | Found a faded altar of an unknown god.
  2070 | D:2      | Prayed at the altar of an unknown god.
  2070 | D:2      | Became a worshipper of Lugonu the Unformed
  2070 | D:2      | Reached * piety under Lugonu
  2390 | D:3      | Reached XP level 4. HP: 24/24 MP: 9/12
  2676 | D:3      | Found a stormy altar of Qazlal.
  2676 | D:3      | Found an opulent altar of Gozag.
  2690 | D:3      | Found a glowing silver altar of Zin.
  2696 | D:3      | Found a glowing golden altar of the Shining One.
  2696 | D:3      | Found a bloodstained altar of Trog.
  2988 | D:4      | Reached skill level 5 in Earth Magic
  3071 | D:4      | Found a runed translucent gate.
  3071 | D:4      | Noticed Regoshi's ghost (novice GrFi)
  3081 | D:4      | Identified the +4 short sword of Okawaru {vamp, rC++ rCorr}
  3083 | D:4      | Found a runed translucent gate.
  3084 | D:4      | Found a runed translucent gate.
  3191 | D:4      | Reached XP level 5. HP: 28/28 MP: 9/13
  3356 | D:4      | Reached skill level 5 in Spellcasting
  3408 | D:4      | Noticed a black bear
  3544 | D:4      | Reached ** piety under Lugonu
  3561 | D:4      | Killed a black bear
  3562 | D:4      | Reached XP level 6. HP: 32/32 MP: 12/17
  4239 | D:4      | Killed from afar by an orc priest

Illustrated notes

Levels and vault maps discovered:
D:1:      tarquinn_simple_flora_water_f, layout_basic, grunt_decor_junction
D:2:      layout_loops_ring, basic_altar, nicolae_ecumenical_lake_church,
          corexii_shack
D:3:      layout_loops_ring, minmay_overflow_temple_star_hex
D:4:      minmay_evil_eye, layout_gridville, biasface_ghost_orc_armoury

Skill      XL: |  1  2  3  4  5  6 |
---------------+-------------------+-----
Earth Magic    | 4 5 6 |  6.1
Stealth        | 3 |  3.2
Spellcasting   | 4 6 |  6.7
Dodging        | |  2.5
Transmutations | |  1.1
Evocations     | |  0.1

Action                   |  1- 3 |  4- 6 || total
-------------------------+-------+-------++-------
Melee: Spear             |     1 |       ||     1
 Cast: Sandblast         |    69 |    57 ||   126
       Passwall          |       |     2 ||     2
Evoke: Wand              |       |     6 ||     6
  Use: Scroll            |     2 |     7 ||     9
       Potion            |     1 |     2 ||     3
 Stab: Sleeping          |     1 |       ||     1
Armor: Robe              |     1 |     3 ||     4
Dodge: Dodged            |     6 |    30 ||    36

Table legend: (Time is in decaauts)
 A = Elapsed time spent in this place.
 B = Non-inter-level travel time spent in this place.
 C = Inter-level travel time spent in this place.
 D = Time resting spent in this place.
 E = Time spent auto-exploring this place.
 F = Levels seen in this place.
 G = Mean time per level.
                   A        B        C        D        E       F      G
               +--------+--------+--------+--------+--------+-----+--------+
         Total |   4286 |   3862 |    424 |      0 |   3143 |   4 | 1071.5 |
       Dungeon |   4286 |   3862 |    424 |      0 |   3143 |   4 | 1071.5 |
               +--------+--------+--------+--------+--------+-----+--------+

Top non-repeatable levels by time:
     D:4: 1310 daAuts
     D:1: 1131 daAuts
     D:2: 1000 daAuts
     D:3: 844 daAuts
